 Dungeon Crawl Stone Soup version 0.26-a0-651-gb41185065b (webtiles) character file.

Game seed: 10800282032300427661

74 Apogee the Insei (level 4, -1/36 HPs)
             Began as a Draconian Transmuter on Oct 12, 2020.
             Slain by a gnoll
             ... wielding a +0 spear
              (8 damage)
             ... on level 3 of the Dungeon.
             The game lasted 00:03:37 (1943 turns).

Apogee the Insei (Draconian Transmuter)             Turns: 1943, Time: 00:03:37

Health: -1/36      AC:  5    Str: 12    XL:     4   Next: 9%
Magic:  5/7        EV: 12    Int: 13    God:
Gold:   66         SH:  0    Dex: 13    Spells: 6/7 levels left

rFire    . . .     SeeInvis .     - Unarmed
rCold    . . .     Faith    .   (no shield)
rNeg     . . .     Spirit   .   (armour unavailable)
rPois    .         Reflect  .   (helmet currently unavailable)
rElec    .         Harm     .   (no cloak)
rCorr    .         Rampage  .   (no gloves)
MR       .....                  (boots currently unavailable)
Stlth    +.........             (no amulet)
HPRegen  0.12/turn              (no ring)
MPRegen  0.10/turn              (no ring)

@: appendages
A: unfitting armour, horns 2, talons 2, cold-blooded, AC +5
a: End Transformation


You were on level 3 of the Dungeon.
You had grown temporary horns.
You had grown temporary talons.
You visited 1 branch of the dungeon, and saw 3 of its levels.

You collected 66 gold pieces.

Inventory:

Scrolls
 a - a scroll of magic mapping {unknown}
 b - a scroll of teleportation {unknown}
 d - a scroll of immolation {unknown}
 e - 2 scrolls of identify {unknown}
 f - a scroll of enchant weapon {unknown}
 g - a scroll of fog {unknown}
 i - a scroll of noise {unknown}
 l - a scroll of amnesia {unknown}
 m - a scroll of remove curse {unknown}
 n - a scroll of blinking {unknown}
Potions
 c - a potion of berserk rage {unknown}
 h - a potion of haste {unknown}
 j - a potion of curing {unknown}
 k - 2 potions of heal wounds {unknown}


   Skills:
 + Level 2.2 Fighting
 - Level 1.7 Dodging
 * Level 4.1 Unarmed Combat
 - Level 2.0 Spellcasting
 + Level 2.7 Transmutations


You had 6 spell levels left.
You knew the following spells:

 Your Spells              Type           Power        Failure   Level
a - Beastly Appendage     Tmut           #.....       9%          1

Your spell library contained the following spells:

 Spells                   Type           Power        Failure   Level
 Wereblood                Tmut           #.......     12%         2
 Spider Form              Tmut/Pois      #.........   41%         3
 Ice Form                 Ice/Tmut       #.......     82%         4
 Blade Hands              Tmut           #.........   92%         5


Dungeon Overview and Level Annotations

Branches:
Dungeon (3/15)

Altars:


Innate Abilities, Weirdness & Mutations

Your plain brown scales are hard. (AC +5)
You cannot fit into any form of body armour.
You are cold-blooded and may be slowed by cold attacks.
You have a pair of horns on your head.
You have razor-sharp toenails.


Message History

Things that are here:
a +0 hand axe; an orc corpse You barely miss the orc.
The orc barely misses you.
You hit the orc. You tail-slap the orc. The orc hits you but does no damage.
You barely miss the orc. Your kick misses the orc. The orc barely misses you.
You hit the orc.
You kill the orc!
No target in view!
Your transformation is almost over.
Your horns disappear.
Your talons disappear.
A gnoll comes into view. It is wielding a +0 halberd.
A goblin comes into view. It is wielding a +0 club.
The goblin shouts!
Things that are here:
a +0 club; a +0 leather armour The goblin barely misses you.
You grow a pair of large bovine horns.
Your feet morph into talons.
The gnoll shouts!
The goblin hits you with a +0 club.
You barely miss the goblin. You claw the goblin.
Your headbutt misses the goblin. The goblin barely misses you.
You hit the goblin.
You kill the goblin!
You see here a +0 club.
You start resting.
Your transformation is almost over.
You extend your transformation's duration.
A gnoll comes into view. It is wielding a +0 spear.
The gnoll hits you with a +0 halberd.
The gnoll shouts!
You hit the gnoll. You claw the gnoll, but do no damage.
You hear a shout!
The gnoll hits you with a +0 halberd.
You hear a shout!
You hit the gnoll. The gnoll hits you with a +0 halberd.
* * * LOW HITPOINT WARNING * * *
You closely miss the gnoll. You claw the gnoll. The gnoll misses you.
You barely miss the gnoll. You claw the gnoll.
You kill the gnoll!
You have reached level 4!
You feel agile. The gnoll hits you with a +0 spear.
* * * LOW HITPOINT WARNING * * *
Items here: )) = [ †.
You hit the gnoll but do no damage. The gnoll hits you with a +0 spear.
* * * LOW HITPOINT WARNING * * *
You hit the gnoll. You headbutt the gnoll! You tail-slap the gnoll.
The gnoll closely misses you.
You hit the gnoll but do no damage. The gnoll hits you with a +0 spear!
You die...

...#. .... ...# ... ..
..### .# #.#.##.###.#.
# ......+
#?#..)....... ..
#.....# #.#@###.###..
..####.....#
#.#g###..#
...........# #.#...)#
# #..........+
#.....$+
...........###......#
..................###
....#.......g!.!......
....#.################
.........#


You could see a gnoll.

Vanquished Creatures
  A gnoll (D:3)
  2 adders (D:2)
  A dart slug (D:2)
  2 leopard geckos (D:1)
  4 orcs (D:3)
  4 bats
  A giant cockroach (D:1)
  3 hobgoblins (D:1)
  4 kobolds
  A ball python (D:2)
  A frilled lizard (D:2)
  10 goblins
  3 rats (D:1)
37 creatures vanquished.

Notes
Turn   | Place    | Note
-------+----------+-------------------------------------------
     0 | D:1      | Apogee the Draconian Transmuter began the quest for the
                  | Orb.
     0 | D:1      | Reached XP level 1. HP: 16/16 MP: 3/3
   303 | D:1      | Reached XP level 2. HP: 20/23 MP: 3/5
  1013 | D:2      | Reached XP level 3. HP: 19/29 MP: 4/6
  1735 | D:2      | Reached skill level 4 in Unarmed Combat
  1939 | D:3      | Reached XP level 4. HP: 16/36 MP: 4/7
  1943 | D:3      | Slain by a gnoll

Illustrated notes

Levels and vault maps discovered:
D:1:      lemuel_arrival_funnel, layout_basic, minmay_tree_intersection,
          minmay_tripent
D:2:      layout_loops_ring
D:3:      layout_basic, fedhas_altar_1, nicolae_overflow_hidden_temple,
          overflow_temple_1_default, hangedman_decor_clover_reticule,
          minmay_door_square

Skill      XL: |  1  2  3 |
---------------+----------+-----
Fighting       | 2 |  2.2
Unarmed Combat | 4 |  4.1
Dodging        | |  1.7
Spellcasting   | |  2.0
Transmutations | |  2.7

Action                   |  1- 3 |  4- 6 || total
-------------------------+-------+-------++-------
Melee: Unarmed           |    94 |     3 ||    97
       Kick              |    23 |       ||    23
       Headbutt          |     8 |     1 ||     9
       Tailslap          |     3 |     1 ||     4
 Cast: Beastly Appendage |    23 |       ||    23
 Stab: Sleeping          |     1 |       ||     1
Armor: Skin              |    24 |       ||    24
Dodge: Dodged            |    42 |     1 ||    43

Table legend: (Time is in decaauts)
 A = Elapsed time spent in this place.
 B = Non-inter-level travel time spent in this place.
 C = Inter-level travel time spent in this place.
 D = Time resting spent in this place.
 E = Time spent auto-exploring this place.
 F = Levels seen in this place.
 G = Mean time per level.
                   A        B        C        D        E       F      G
               +--------+--------+--------+--------+--------+-----+--------+
         Total |   1937 |   1901 |     36 |      0 |   1650 |   3 |  645.7 |
       Dungeon |   1937 |   1901 |     36 |      0 |   1650 |   3 |  645.7 |
               +--------+--------+--------+--------+--------+-----+--------+

Top non-repeatable levels by time:
     D:2: 971 daAuts
     D:1: 862 daAuts
     D:3: 103 daAuts
